 Seeded DCSS version 0.30.1-4-g462c640d31 (webtiles) character file.

Game seed: 6351066067085065685 (custom seed)

5 Esekla the Grave Robber (level 1, -1/10 HPs)
             Began as a Deep Elf Necromancer on Aug 17, 2023.
             Slain by a hound (4 damage)
             ... on level 5 of the Dungeon.
             The game lasted 00:03:50 (412 turns).

Esekla the Grave Robber (Deep Elf Necromancer)       Turns: 412, Time: 00:03:51

Health: -1/10      AC:  2    Str:  5    XL:     1   Next: 66%
Magic:  6/6        EV: 12    Int: 19    God:
Gold:   35         SH:  0    Dex: 15    Spells: 5/6 levels left

rFire   . . .        c - +0 short sword
rCold   . . .        (no shield)
rNeg    . . .        a - +0 robe
rPois   .            (no helmet)
rElec   .            (no cloak)
rCorr   .            (no gloves)
SInv    .            (no boots)
Will    .....        (no amulet)
Stlth   ++           (no ring)
HPRegen 0.21/turn    (no ring)
MPRegen 0.10/turn

%: no passive effects
@: no status effects
A: no striking features
a: no special abilities


You were on level 5 of the Dungeon.
You visited 1 branch of the dungeon, and saw 6 of its levels.

You collected 35 gold pieces.

Inventory:

Hand Weapons
 c - a +0 short sword (weapon)
Armour
 a - a +0 robe (worn)
Potions
 b - a potion of magic
 f - a potion of haste {unknown}


   Skills:
 * Level 2.5 Dodging
 + Level 2.5 Stealth
 * Level 3.1 Spellcasting
 + Level 5.0 Necromancy


You had 5 spell levels left.
You knew the following spells:

 Your Spells              Type           Power      Damage    Failure   Level
a - Necrotise             Necr           88%        1d8       1%          1

Your spell library contained the following spells:

 Spells                   Type           Power      Damage    Failure   Level
 Vampiric Draining        Necr           22%        2d7       5%          3
 Animate Dead             Necr           22%        N/A       19%         4
 Agony                    Necr           22%        N/A       45%         5


Dungeon Overview and Level Annotations

Branches:
Dungeon (6/15)
 Temple: D:4-7

Altars:


Message History

You now have 35 gold pieces (gained 11).
A white imp comes into view.
An orc comes into view. It is wielding a +0 dagger.
Found a stone staircase leading up.
The orc shouts!
The white imp gestures at you. The puff of frost hits you!
Ouch! That really hurt!
* * * LOW HITPOINT WARNING * * *
As you read the scroll labelled QOIXKOT YTEE, it crumbles to dust.
You assume a fearsome visage.
The orc looks frightened!
The white imp looks frightened!
The orc looks frightened!
It was a scroll of fear.
There is a stone staircase leading up here.
You climb upwards.
The hound barks! x2
Found a scroll labelled MANIROASHRE.
There is a stone staircase leading down here.
You aren't carrying any scrolls.
It was a potion of ambrosia.
You are confused.
You feel invigorated.
You bump into the rock wall.
The hound bites you but does no damage. The hound attacks as you move away!
The hound bites you.
Found a whip.
The adder bites you but does no damage.
Found a scroll labelled BUGABINK IGUEV.
The adder closely misses you. The hound closely misses you.
You're too confused to move!
You feel less invigorated.
You feel less confused. The adder barely misses you. The hound bites you.
Ouch! That really hurt!
The hound barely misses you.
You aren't carrying any scrolls.
Unknown command.
Okay, then.
Found a scroll of fear.
The hound attacks as you move away! The hound bites you.
* * * LOW HITPOINT WARNING * * *
The hound bites you.
You die...

#..#.. .#.#
##..... ...##
#......###.....
...#..>.?.#
..........##
....#.###S#
#..... #h# #
#.#.###h##.# #.
#...@...# .
##.......... #
##?.#####.#
.#.# .##.# ..
... .. ?.. ##.
##.


You could see 2 hounds and an adder.

Vanquished Creatures
  2 ball pythons (D:1)
  A goblin (D:1)
  A frilled lizard (D:1)
  A kobold (D:1)
5 creatures vanquished.

Notes
Turn   | Place    | Note
-------+----------+-------------------------------------------
     0 | D:1      | Esekla the Deep Elf Necromancer began the quest for the
                  | Orb.
     0 | D:1      | Reached XP level 1. HP: 10/10 MP: 6/6
   141 | D:1      | Reached skill level 5 in Necromancy
   290 | D:4      | You fall into a shaft and drop 2 floors!
   302 | D:6      | Noticed an iguana
   404 | D:5      | Entered Level 5 of the Dungeon
   404 | D:5      | Noticed a hound
   404 | D:5      | Noticed a hound
   412 | D:5      | Slain by a hound

Illustrated notes

Levels and vault maps discovered:
D:1:      sevenhm_arrival_forest_fort_small_3, layout_rooms,
          chequers_serial_rivers_room_b, minmay_misc_feat_five
D:2:      layout_loops_ring, dreamdust_ecumenical_altar_angels_and_demons,
          serial_shops, shop
D:3:      layout_basic, grunt_temple_overflow_open, minmay_misc_feat_iff
D:4:      layout_basic, nicolae_overflow_quartered_altars, serial_shops,
          nicolae_diamond_shop
D:5:      layout_loops_ring, lemuel_doored_altar, minmay_misc_feat_rows,
          dreamdust_wishing_well
D:6:      layout_loops_cross, fedhas_altar_fruit_tree,
          minmay_temple_entry_glass, uniq_pikel, uniq_blork_the_orc

Skill      XL: |  1 |
---------------+----+-----
Necromancy     | 5 |  5.0
Dodging        | |  2.5
Stealth        | |  2.5
Spellcasting   | |  3.1

Action                     || total
---------------------------++-------
  Melee: Short sword       ||    12
         Unarmed           ||     9
    Use: Scroll            ||     1
         Potion            ||     1
   Stab: Sleeping          ||     1
 Armour: Robe              ||     8
  Dodge: Dodged            ||    24
